Description

This is a heavy macro focused TvZ opening. Terran can't deal almost any damage with standard 3CCs macro opening, even with 2 base focused to be honest.

The idea behind the build is to stay on par with zerg heavy drone count cutting starport harrassment and high count hellions (just 4 for some map control), while adding an incredible fast 4th command center (3.48) to surpass zerg income and production while maintaining standard Terran tank pushes (7.30 minute mark).

You get a very safe build considering you start your first siege tank at 4.00 minutes with huge economy behind. You don't even need to committ hard to the first timing push because you have almost 80 scvs back home and mules/scans for days.

Thanks to the early siege tank production, you have a potential 2-2 maxed out with 10+ siege tanks timing around the 10 minute mark. While having a great production setup up back home, 5+ bases.

Replay - Alcyone LE (204)

Build Order

Get SALT Encoding   

Spawning Tool Build Advisor. Get it on Overwolf

Analysis

14 0:17 Supply Depot
15 0:39 Barracks
16 0:44 Refinery
19 1:26 Reaper
19 1:27 Orbital Command
20 1:42 Command Center
20 1:51 Supply Depot
21 1:58 Marine
23 2:09 Factory
23 2:20 Barracks Reactor
26 2:51 Command Center
26 2:55 Orbital Command
27 3:03 Hellion
29 3:07 Hellion
32 3:16 Barracks Tech Lab
33 3:24 Hellion
36 3:28 Hellion
40 3:47 Barracks Tech Lab
40 3:48 Command Center
43 3:58 Barracks
43 4:02 Siege Tank
47 4:05 Refinery
47 4:08 Orbital Command
49 4:19 Starport,
49 4:20 Marine
49 4:21 Refinery
51 4:25 Refinery
53 4:37 Marine
53 4:38 Stimpack
57 4:50 Supply Depot
57 4:51 Marine x2,
60 4:59 Siege Tank, Starport Reactor
64 5:00 Orbital Command, Marine
64 5:06 Orbital Command
66 5:08 Marine
66 5:09 Marine,
69 5:14 Supply Depot
69 5:17 Engineering Bay x2
69 5:18 Marine,
71 5:26 Marine x2
75 5:31 Siege Tank
75 5:33 Refinery
79 5:36 Marine
79 5:39 Medivac x2
79 5:42 Supply Depot
84 5:43 Refinery
84 5:44 Marine x2
84 5:48 Terran Infantry Weapons Level 1
88 5:50 Terran Infantry Armor Level 1
88 5:54 Marine,
91 6:03 Marine x2,
95 6:07 Siege Tank
95 6:08 Supply Depot x3
98 6:11 Marine
98 6:18 Combat Shield
100 6:19 Bunker
100 6:26 Supply Depot
100 6:27 Supply Depot
100 6:29 Marine x2, Medivac x2,
100 6:32 Marine
111 6:37 Supply Depot
111 6:41 Barracks
111 6:42 Siege Tank
115 6:47 Marine x2,
115 6:51 Sensor Tower
118 6:59 Medivac
120 7:07 Armory
120 7:08 Marine x3
125 7:14 Siege Tank
125 7:15 Medivac, Orbital Command
134 7:26 Marine x2, Marauder
134 7:29 Medivac
140 7:31 Supply Depot
140 7:37 , Concussive Shells, Missile Turret
140 7:42 Barracks
140 7:43 Barracks, Marine x2
144 7:44 , Barracks Reactor
144 7:45 Medivac
144 7:50 Supply Depot
144 7:51 Sensor Tower
147 7:53 Siege Tank, Marauder
147 7:54 Supply Depot
147 7:58 Terran Infantry Weapons Level 2, Terran Infantry Armor Level 2
152 7:59 Terran Vehicle Weapons Level 1
152 8:01 Marine x2
154 8:12 , Bunker
158 8:14 Marine
158 8:16 Medivac x2
158 8:17 Supply Depot
158 8:19 Marine x2
165 8:25 Siege Tank
171 8:27 Supply Depot
171 8:28 Supply Depot
171 8:30 Refinery x2
171 8:32 Marine
172 8:34 Missile Turret
172 8:41 Supply Depot, Barracks Reactor x2, Command Center
172 8:42 Marine x2
174 8:50 Marauder
174 8:54 Marine x2
178 8:57 Siege Tank
178 9:00 Marine, Liberator x2
188 9:06 Marine
188 9:11 Marauder
188 9:12 Marine x2, Command Center
192 9:18 Marine
192 9:22 Barracks
190 9:24 Marine, Barracks
190 9:25 Barracks
190 9:29 Marine x2, Siege Tank
195 9:32 Marine x2
195 9:33 Marine, Marauder
199 10:03 Marine x2, Marauder
199 10:04 Marine
200 10:08 Terran Vehicle Weapons Level 2, Sensor Tower
200 10:10 Barracks Tech Lab
200 10:15 Barracks Tech Lab x2

Go to:

Details

  • Created by: llllllllllllllllll
  • Published on: Jul 05, 2024
  • Modified on: Jul 05, 2024
  • Patch: 5.0.11
  • Difficulty: Hard
Show
View Real Time Build Order
Export as new Build Order

Comments (0)

There are no comments. Be the first!

Create an account to comment!